 Dungeon Crawl Stone Soup version 0.27-a0-1565-gad902ab807 (webtiles) character file.

Game seed: 2153905432287330260

16 snetch the Magician (level 2, -1/21 HPs)
             Began as a Djinni Fire Elementalist on July 16, 2021.
             Slain by a ball python (2 damage)
             ... on level 2 of the Dungeon.
             The game lasted 00:00:46 (207 turns).

snetch the Magician (Djinni Fire Elementalist)       Turns: 207, Time: 00:00:48

Health: -1/21      AC:  2    Str:  7    XL:     2   Next: 70%
Gold:   0          EV:  9    Int: 16    God:
                   SH:  0    Dex: 13

rFire    + + .     SeeInvis .   (no weapon)
rCold    x . .     Faith    .   (no shield)
rNeg     . . .     Spirit   .   a - +0 robe
rPois    ∞         Reflect  .   (no helmet)
rElec    .         Harm     .   (no cloak)
rCorr    .         Rampage  .   (no gloves)
Will     .....                  (boots unavailable)
Stlth    ++........             (no amulet)
HPRegen  0.07/turn              (no ring)
MPRegen  0.00/turn              (no ring)

@: flying, constricted
A: sickness immunity, fire resistance 2, cold vulnerability 1, float, innate
caster, hp casting, extra vitality 1
a: no special abilities


You were on level 2 of the Dungeon.
You visited 1 branch of the dungeon, and saw 2 of its levels.

Inventory:

Missiles
 d - 22 stones
Armour
 a - a +0 robe (worn)
Potions
 b - a potion of heal wounds {unknown}
 c - a potion of cancellation {unknown}


   Skills:
 + Level 2.3 Dodging
 + Level 1.7 Stealth
 + Level 2.9 Spellcasting


You couldn't memorise any spells.
You knew the following spells:

 Your Spells              Type           Power      Damage    Failure   Level
a - Foxfire               Conj/Fire      44%        2x1d6     5%          1
b - Conjure Flame         Conj/Fire      11%        6-21      17%         3
c - Inner Flame           Hex/Fire       11%        N/A       17%         3
d - Sticky Flame          Conj/Fire      11%        2d3       50%         4
e - Fireball              Conj/Fire      5%         3d5       83%         5
Your spell library was empty.

Dungeon Overview and Level Annotations

Branches:
Dungeon (2/15)

Altars:


Innate Abilities, Weirdness & Mutations

You are immune to sickness and miasma.
You are immune to poison.
Your flesh is very heat resistant. (rF++)
You are vulnerable to cold. (rC-)
You float through the air rather than walking.
You learn spells naturally, not from books.
Your magical power is your life essence.
You have superior vitality. (+4 HP)


Message History

d - 22 stones The goblin shouts!
The ball python completely misses you. The ball python closely misses you.
The ball python closely misses you. The ball python grabs you.
The ball python constricts you.
A hobgoblin comes into view. It is wielding a +0 spear of flaming.
The ball python's grasp on you weakens, but your attempt to escape fails.
The goblin unwields a +0 club.
The goblin wields a +0 hunting sling.
The goblin shoots a sling bullet.
The sling bullet hits you. The ball python closely misses you.
* * * LOW HITPOINT WARNING * * *
The ball python constricts you.
Casting: Foxfire (safe; 6% risk of failure)
Press: ? - help, Q - select action, (/) - cycle Dir - look around, f - activate You conjure some foxfire!
* * * LOW HITPOINT WARNING * * *
The kobold hits you but does no damage. The ball python closely misses you.
The ball python constricts you.
The goblin shoots a sling bullet.
The sling bullet hits you.
* * * LOW HITPOINT WARNING * * *
A hobgoblin comes into view.
You escape the ball python's grasp.
The foxfire hits the kobold.
You kill the kobold!
The foxfire hits the ball python.
The ball python is moderately wounded.
The goblin shoots a sling bullet.
The sling bullet closely misses you.
You don't have enough health to cast this spell.
You don't have enough health to cast this spell.
The goblin shoots a sling bullet.
The sling bullet closely misses you. The ball python misses you.
The ball python closely misses you.
There is a stone staircase leading up here.
The ball python barely misses you. The ball python closely misses you. x2
The ball python grabs you.
You stop ascending the stairs.
The ball python constricts you.
Casting: Foxfire (safe; 5% risk of failure)
Press: ? - help, Q - select action, (/) - cycle Dir - look around, f - activate You conjure some foxfire!
* * * LOW HITPOINT WARNING * * *
The ball python bites you.
You die...

#. #. #.# #..##
####....... #..#
............ #####
#v####.....#.......
#...###.@v...# #...$....
#........S#######...>....
#..<.##..g......#........
####......g...#..........
####.....g....)......(
#.......#..........
#...........†....!.
#.......#.#......=.
#.........#........


You could see 2 hobgoblins, a goblin and a ball python (ally target).

Vanquished Creatures
  An adder (D:2)
  A ball python (D:2)
  An endoplasm (D:1)
  A hobgoblin (D:1)
  A kobold (D:2)
  A rat (D:2)
6 creatures vanquished.

Vanquished Creatures (others)
  24 foxfires
24 creatures vanquished.

Grand Total: 30 creatures vanquished

Notes
Turn   | Place    | Note
-------+----------+-------------------------------------------
     0 | D:1      | snetch the Djinni Fire Elementalist began the quest for the
                  | Orb.
     0 | D:1      | Reached XP level 1. HP: 15/15 MP: 0/0
   104 | D:2      | Reached XP level 2. HP: 7/21 MP: 0/0
   197 | D:2      | HP: 1/21 [goblin/sling bullet (4)]
   207 | D:2      | Slain by a ball python

Illustrated notes

Levels and vault maps discovered:
D:1:      tarquinn_simple_flora_water_a, layout_loops_ring,
          hellmonk_ecumenical_altar_blasted
D:2:      layout_rooms, basic_altar, minmay_misc_feat_rows, minivault_23

Action                   || total
-------------------------++-------
 Cast: Foxfire           ||    15
Armor: Robe              ||     1
Dodge: Dodged            ||    15

Table legend: (Time is in decaauts)
 A = Elapsed time spent in this place.
 B = Non-inter-level travel time spent in this place.
 C = Inter-level travel time spent in this place.
 D = Time resting spent in this place.
 E = Time spent auto-exploring this place.
 F = Levels seen in this place.
 G = Mean time per level.
                   A        B        C        D        E       F      G
               +--------+--------+--------+--------+--------+-----+--------+
         Total |    206 |    206 |      0 |     68 |     76 |   2 |  103.0 |
       Dungeon |    206 |    206 |      0 |     68 |     76 |   2 |  103.0 |
               +--------+--------+--------+--------+--------+-----+--------+

Top non-repeatable levels by time:
     D:2: 117 daAuts
     D:1: 89 daAuts
